 Dungeon Crawl Stone Soup version 0.31.0-9-g3a7656b989 (webtiles) character file.

Game seed: 1253900810638860238

15693 qw the Skirmisher (level 12, -10/60 HPs)
             Began as a Spriggan Hunter on Feb 2, 2024.
             Was an Elder of Okawaru.
             Mangled by a five-headed hydra (12 damage)
             ... on level 2 of the Lair of Beasts.
             The game lasted 00:04:11 (11808 turns).

qw the Skirmisher (Spriggan Hunter)                Turns: 11808, Time: 00:04:12

Health: -10/60     AC: 15    Str: 10    XL:     12   Next: 3%
Magic:  18/19      EV: 24    Int: 11    God:    Okawaru [****..]
Gold:   885        SH:  0    Dex: 23    Spells: 11/11 levels left

rFire   . . .        s - +0 orcbow
rCold   + . .        (shield currently unavailable)
rNeg    . . .        f - +3 swamp dragon scales
rPois   +            (helmet restricted)
rElec   .            a - +0 cloak
rCorr   .            (gloves unavailable)
SInv    +            (boots unavailable)
Will    ++...        n - amulet of Xazinwut {RegenMP Fly Str+3 Stlth-}
Stlth   +            (no ring)
HPRegen 0.30/turn    m - +4 ring of protection
MPRegen 0.56/turn

%: no passive effects
@: about to teleport, finesse-ful, flying, very quick
A: very small, no large weapons, unfitting armour, see invisible, speed 3, horns
1, talons 1, cold resistance 1
a: Renounce Religion, Heroism, Finesse


You were on level 2 of the Lair of Beasts.
You worshipped Okawaru.
Okawaru was greatly pleased with you.
You visited 3 branches of the dungeon, and saw 12 of its levels.

You collected 885 gold pieces.


Innate Abilities, Weirdness & Mutations

You are very small and have problems with some larger weapons.
You are too small for most types of armour.
You have supernaturally acute eyesight. (SInv)
You cover ground extremely quickly. (Speed+++)
You have a pair of small horns on your head.
You have sharp toenails.
Your flesh is cold resistant. (rC+)


   Skills:
 + Level 5.0 Fighting
 - Level 14.0 Ranged Weapons
 - Level 2.0 Armour
 - Level 12.0 Dodging
 - Level 1.5 Stealth
 + Level 9.2 Invocations


You had 11 spell levels left.
You didn't know any spells.
Your spell library was empty.

Inventory:

Hand Weapons
 s - a +0 orcbow (weapon)
Armour
 a - a +0 cloak (worn)
 f - +3 swamp dragon scales (worn)
Jewellery
 b - an amulet of the acrobat
 g - a ring of fire
 i - a ring of poison resistance
 l - a ring of wizardry
 m - a +4 ring of protection (right hand)
 n - the amulet of Xazinwut (around neck) {RegenMP Fly Str+3 Stlth-}
   (You found it on level 4 of the Dungeon)

   [amulet of magic regeneration]

   RegenMP:   It increases your rate of magic regeneration.
   Str+3:     It affects your strength (+3).
   Fly:       It grants you flight.
   Stlth-:    It makes you less stealthy.
Wands
 c - a wand of paralysis (6)
 k - a wand of roots (16)
 o - a wand of acid (6)
Scrolls
 h - a scroll of enchant weapon {unknown}
 p - a scroll of identify
Potions
 d - 2 potions of mutation
 e - a potion of might
 j - a potion of haste
 q - 6 potions of curing

Dungeon Overview and Level Annotations

Branches:
Dungeon (9/15)             Temple (1/1) D:4            Lair (2/5) D:9
  Swamp: Lair:2-3    Shoals: Lair:2-3     Snake: Lair:2-3    Spider: Lair:2-3
    Orc: D:9-12

Altars:
Ashenzari
Cheibriados
Dithmenos
Elyvilon
Fedhas
Gozag
Hepliaklqana
Kikubaaqudgha
Makhleb
Nemelex Xobeh
Okawaru
Qazlal
Ru
Sif Muna
Trog
Uskayaw
Vehumet
Wu Jian
Xom
Yredelemnul
Zin
The Shining One

Shops:
D:3 =   D:6 [

Annotations:
D:3 1 runed translucent door, Crazy Yiuf


Message History

The six-headed hydra closely misses you.
The six-headed hydra misses you. x2
You shoot an arrow. The arrow hits the six-headed hydra!
The six-headed hydra is almost dead.
You shoot an arrow. The arrow hits the six-headed hydra.
The six-headed hydra is almost dead.
The six-headed hydra bites you! The six-headed hydra bites you. x2
The six-headed hydra barely misses you. The six-headed hydra bites you. x2
You shoot an arrow. The arrow hits the six-headed hydra!
The six-headed hydra is almost dead.
You shoot an arrow. The arrow hits the six-headed hydra!!
You kill the six-headed hydra!
Okawaru is honoured by your kill.
Your Ranged Weapons skill increases to level 14!
You have reached level 12!
11803 ||| READING scroll of teleportation.
As you read the scroll of teleportation, it crumbles to dust.
You feel strangely unstable.
You shoot an arrow. The arrow hits the five-headed hydra!
The five-headed hydra is moderately wounded.
The five-headed hydra bites you but does no damage.
The five-headed hydra closely misses you.
The five-headed hydra bites you.
The five-headed hydra completely misses you.
The five-headed hydra bites you but does no damage.
You shoot an arrow.
The arrow completely misses the five-headed hydra.
You shoot an arrow. The arrow hits the five-headed hydra.
The five-headed hydra is moderately wounded.
The five-headed hydra bites you but does no damage.
The five-headed hydra misses you.
The five-headed hydra bites you but does no damage.
The five-headed hydra closely misses you.
The five-headed hydra misses you.
You shoot an arrow. The arrow hits the five-headed hydra.
The five-headed hydra is moderately wounded.
You shoot an arrow. The arrow hits the five-headed hydra.
The five-headed hydra is heavily wounded.
The five-headed hydra bites you! x2
You die...

#.. #.. ###.. ....
#.. #S+#### #D...#
.. #@...# #[
#.###.## #
#####'.### #####
##..!.....# ##.#.###
#.........# #.......
##........###.......
##........##......?.
#...........#.......
##........##........


You could see a five-headed hydra and a water moccasin.

Vanquished Creatures
  A hydra (Lair:2)
  2 boulder beetles
  Amaemon (D:9)
  Pikel (D:4)
  2 elephants (D:9)
  3 cane toads
  2 black mambas
  Maggie (D:8)
  An orange demon (Lair:1)
  A rime drake (Lair:1)
  A kobold demonologist (D:8)
  A komodo dragon (Lair:1)
  A freezing wraith (D:9)
  A troll (D:9)
  A hornet (D:5)
  9 blink frogs (Lair:1)
  Sigmund (D:2)
  A shadow (D:9)
  A wyvern (Lair:1)
  9 yaks
  2 basilisks
  A steam dragon (Lair:2)
  Menkaure (D:6)
  2 acid dragons (D:8)
  5 water moccasins
  Duvessa (D:4)
  2 orc warriors (D:9)
  A laughing skull (D:9)
  5 black bears
  3 ice beasts
  An ogre (D:5)
  A centaur (D:8)
  2 lemures (D:4)
  3 phantoms
  Blork the orc (D:6)
  8 kobold brigands
  8 bullfrogs
  A scorpion (D:4)
  3 wights (D:9)
  Dowan (D:4)
  6 howler monkeys
  4 jellies
  4 orc priests
  4 hounds
  A gnoll bouda (D:6)
  3 sleepcaps
  2 iguanas
  9 orc wizards
  Robin (D:3)
  4 gnolls (D:6)
  10 adders
  3 shadow imps
  A white imp (D:7)
  2 ufetubi (D:6)
  A dart slug (D:2)
  17 orcs
  12 bats
  5 endoplasms
  2 giant cockroaches
  8 goblins
  8 hobgoblins
  3 jackals (D:2)
  47 kobolds
  3 quokkas
  6 ball pythons
  3 frilled lizards (D:1)
  7 kobold skeletons (D:8)
  11 kobold zombies (D:8)
  7 rats
287 creatures vanquished.

Notes
Turn   | Place    | Note
-------+----------+-------------------------------------------
     0 | D:1      | qw the Spriggan Hunter began the quest for the Orb.
     0 | D:1      | Reached XP level 1. HP: 10/10 MP: 2/2
     0 | D:1      | 0 ||| qw: Version: 0.3-a-155-g5e7d8dd
     0 | D:1      | 0 ||| qw: Game counter: 2810
     0 | D:1      | 0 ||| qw: Melee chars always use a shield: true
     0 | D:1      | 0 ||| qw: God list: Okawaru
     0 | D:1      | 0 ||| qw: Allow faded altars: false
     0 | D:1      | 0 ||| qw: Do Orc after clearing Dungeon:15 true
     0 | D:1      | 0 ||| qw: Do second Lair branch before Depths: true
     0 | D:1      | 0 ||| qw: Lair rune preference: random
     0 | D:1      | 0 ||| qw: Goals: Normal
     0 | D:1      | 0 ||| PLANNING D:1-11
    12 | D:1      | Reached skill level 3 in Dodging
    90 | D:1      | Reached XP level 2. HP: 12/14 MP: 3/3
   431 | D:1      | 431 ||| READING 2 scrolls labelled LENOEW LAEGOU.
   431 | D:1      | 431 ||| ENCHANTING +0 shortbow.
   432 | D:1      | 432 ||| READING scroll labelled USOTSOI IQOGG.
   433 | D:1      | 433 ||| READING scroll labelled NAREAL YPUYGYE.
   437 | D:1      | 437 ||| READING scroll labelled XURE KOUNT.
   438 | D:1      | 438 ||| DRINKING 2 sapphire potions.
   439 | D:1      | 439 ||| DROPPING scroll of butterflies.
   440 | D:1      | 440 ||| DROPPING potion of attraction.
   614 | D:2      | Reached XP level 3. HP: 17/18 MP: 4/4
   966 | D:2      | Reached skill level 5 in Ranged Weapons
  1114 | D:2      | Noticed Sigmund
  1134 | D:2      | Killed Sigmund
  1135 | D:2      | Reached XP level 4. HP: 8/22 MP: 5/5
  1135 | D:2      | Reached XP level 5. HP: 9/25 MP: 6/6
  1516 | D:2      | 1516 ||| UPGRADING to +1 robe of willpower.
  1526 | D:2      | 1526 ||| DROPPING +0 robe.
  1527 | D:2      | 1527 ||| UPGRADING to ring of poison resistance.
  1528 | D:2      | 1528 ||| READING 2 scrolls labelled PAHOOG FIAR.
  1528 | D:2      | 1528 ||| IDENTIFYING yellow potion
  1529 | D:2      | 1529 ||| READING scroll of identify.
  1529 | D:2      | 1529 ||| IDENTIFYING dark potion
  1530 | D:2      | 1530 ||| READING scroll labelled SYESEACUAD.
  1531 | D:2      | 1531 ||| READING scroll labelled JEGEHU MOISU.
  1560 | D:3      | Noticed Robin
  1570 | D:3      | Killed Robin
  1574 | D:3      | Reached XP level 6. HP: 22/30 MP: 7/7
  1777 | D:3      | Found Kiet's Jewellery Shoppe.
  1789 | D:3      | 1789 ||| SHOPLISTING +4 ring of slaying (780 gold, have
                  | 133).
  1789 | D:3      | 1789 ||| SHOPLISTING amulet of guardian spirit (300 gold,
                  | have 133).
  1789 | D:3      | 1789 ||| SHOPLISTING ring of poison resistance (200 gold,
                  | have 133).
  1789 | D:3      | 1789 ||| SHOPLISTING ring of protection from fire (250
                  | gold, have 133).
  1789 | D:3      | 1789 ||| SHOPLISTING ring of the Grinning King {rN+ Int+6}
                  | (472 gold, have 133).
  1893 | D:3      | Found a runed translucent door.
  1894 | D:3      | Noticed Crazy Yiuf
  2256 | D:3      | 2256 ||| UPGRADING to +4 ring of protection.
  2257 | D:3      | 2257 ||| READING scroll labelled DISA GY YKHI.
  2258 | D:3      | 2258 ||| DRINKING 2 bubbling coppery potions.
  2258 | D:3      | Gained mutation: You have sharp toenails. [potion of
                  | mutation]
  2258 | D:3      | Gained mutation: You have a pair of small horns on your
                  | head. [potion of mutation]
  2258 | D:3      | Gained mutation: Your flesh is cold resistant. (rC+)
                  | [potion of mutation]
  2259 | D:3      | 2259 ||| DRINKING 2 fuming orange potions.
  2260 | D:3      | 2260 ||| DRINKING potion of curing.
  2260 | D:3      | 2260 ||| (to cure confusion)
  2261 | D:3      | 2261 ||| DROPPING potion of ambrosia.
  2289 | D:4      | Found a staircase to the Ecumenical Temple.
  2290 | D:4      | 2290 ||| PLANNING TEMPLE
  2313 | Temple   | Entered the Ecumenical Temple
  2314 | Temple   | 2314 ||| PLANNING OKAWARU WORSHIP
  2367 | Temple   | Became a worshipper of Warmaster Okawaru
  2368 | Temple   | 2368 ||| PLANNING D:1-11
  2470 | D:4      | Noticed Duvessa
  2471 | D:4      | Noticed Dowan
  2473 | D:4      | 2473 ||| ZAPPING wand of acid (14) at -4,-3 (Duvessa;
                  | floor).
  2474 | D:4      | 2474 ||| ZAPPING wand of acid (13) at -3,-3 (Duvessa;
                  | floor).
  2474 | D:4      | Killed Duvessa
  2475 | D:4      | 2475 ||| ZAPPING wand of acid (12) at -3,0 (Dowan; floor).
  2476 | D:4      | 2476 ||| ZAPPING wand of acid (11) at -3,-3 (Dowan; floor).
  2477 | D:4      | 2477 ||| ZAPPING wand of acid (10) at -2,-2 (Dowan; floor).
  2477 | D:4      | Killed Dowan
  2478 | D:4      | Reached skill level 6 in Ranged Weapons
  2536 | D:4      | Identified the amulet of Xazinwut {RegenMP Fly Str+3
                  | Stlth-}
  2689 | D:4      | Reached XP level 7. HP: 29/35 MP: 8/8
  2704 | D:4      | Reached skill level 7 in Ranged Weapons
  2982 | D:4      | Reached * piety under Okawaru
  3042 | D:4      | Noticed Pikel
  3043 | D:4      | 3043 ||| RETREEEEATING.
  3044 | D:4      | 3044 ||| RETREEEEATING.
  3046 | D:4      | 3046 ||| RETREEEEATING.
  3049 | D:4      | 3049 ||| ZAPPING wand of acid (9) at -3,-5 (Pikel; floor).
  3050 | D:4      | 3050 ||| ZAPPING wand of acid (8) at -2,-4 (Pikel; floor).
  3051 | D:4      | 3051 ||| ZAPPING wand of acid (7) at -1,-3 (Pikel; floor).
  3052 | D:4      | 3052 ||| ZAPPING wand of acid (6) at -1,-2 (Pikel; floor).
  3052 | D:4      | Killed Pikel
  3052 | D:4      | Reached ** piety under Okawaru
  3053 | D:4      | Reached skill level 8 in Ranged Weapons
  3053 | D:4      | Reached skill level 3 in Invocations
  3053 | D:4      | Reached XP level 8. HP: 39/39 MP: 8/11
  3206 | D:4      | 3206 ||| UPGRADING to amulet of Xazinwut {RegenMP Fly Str+3
                  | Stlth-}.
  3211 | D:4      | 3211 ||| READING 2 scrolls of identify.
  3211 | D:4      | 3211 ||| IDENTIFYING smoky black potion
  3212 | D:4      | 3212 ||| READING scroll of identify.
  3212 | D:4      | 3212 ||| IDENTIFYING 2 silvery potions
  3213 | D:4      | 3213 ||| READING scroll labelled TOMOIJESCH.
  3314 | D:4      | 3314 ||| READING scroll labelled OZYM WITAIVVAM.
  3383 | D:4      | 3383 ||| DRINKING 2 red potions.
  3384 | D:4      | 3384 ||| DROPPING 2 potions of degeneration.
  3385 | D:4      | 3385 ||| DROPPING potion of invisibility.
  3437 | D:5      | Entered Level 5 of the Dungeon
  3727 | D:5      | Noticed a hornet
  3728 | D:5      | 3728 ||| INVOKING Heroism.
  3736 | D:5      | 3736 ||| DRINKING potion of haste.
  3749 | D:5      | Killed a hornet
  3750 | D:5      | Reached skill level 3 in Fighting
  4028 | D:5      | 4028 ||| RETREEEEATING.
  4029 | D:5      | 4029 ||| ZAPPING wand of acid (5) at 2,-1 (black bear;
                  | floor).
  4030 | D:5      | Reached skill level 9 in Ranged Weapons
  4140 | D:5      | Reached XP level 9. HP: 45/45 MP: 13/13
  4655 | D:5      | 4655 ||| READING 2 scrolls of identify.
  4655 | D:5      | 4655 ||| IDENTIFYING bubbling emerald potion
  4656 | D:5      | 4656 ||| READING scroll of identify.
  4656 | D:5      | 4656 ||| IDENTIFYING scroll labelled RAMORGHO YNAECI
  4657 | D:5      | 4657 ||| DROPPING scroll of fear.
  4741 | D:6      | 4741 ||| RETREEEEATING.
  4765 | D:6      | Reached skill level 9 in Dodging
  4782 | D:6      | Reached *** piety under Okawaru
  4933 | D:6      | Noticed Menkaure
  4935 | D:6      | 4935 ||| INVOKING Heroism.
  4945 | D:6      | Killed Menkaure
  5033 | D:6      | Found Hudelur's Antique Armour Shop.
  5162 | D:6      | Noticed Blork the orc
  5173 | D:6      | 5173 ||| INVOKING Heroism.
  5174 | D:6      | Killed Blork the orc
  5973 | D:6      | 5973 ||| READING scroll of identify.
  5973 | D:6      | 5973 ||| IDENTIFYING scroll labelled KYSY OHILLIWA
  5974 | D:6      | 5974 ||| DROPPING scroll of immolation.
  5999 | D:7      | 5999 ||| STAIRDANCE
  6007 | D:7      | 6007 ||| STAIRDANCE
  6015 | D:7      | 6015 ||| STAIRDANCE
  6023 | D:7      | 6023 ||| STAIRDANCE
  6033 | D:7      | 6033 ||| STAIRDANCE
  6044 | D:6      | 6044 ||| ZAPPING wand of acid (4) at 0,-1 (black bear;
                  | floor).
  6045 | D:6      | Reached skill level 10 in Ranged Weapons
  6185 | D:7      | Found a burning altar of Makhleb.
  6484 | D:7      | 6484 ||| READING scroll labelled GOKOUGH LEPUL.
  6485 | D:7      | 6485 ||| READING scroll labelled OGEYJERIQI.
  6485 | D:7      | 6485 ||| BRANDING +0 shortbow.
  6593 | D:8      | Noticed Maggie
  6594 | D:8      | 6594 ||| INVOKING Heroism.
  6608 | D:8      | Killed Maggie
  6709 | D:8      | Reached XP level 10. HP: 43/49 MP: 14/14
  6712 | D:8      | Reached skill level 11 in Ranged Weapons
  6764 | D:8      | Reached **** piety under Okawaru
  6781 | D:8      | 6781 ||| RETREEEEATING.
  6782 | D:8      | 6782 ||| RETREEEEATING.
  6788 | D:8      | Noticed a sun demon
  6788 | D:8      | 6788 ||| RETREEEEATING.
  6789 | D:8      | 6789 ||| RETREEEEATING.
  6790 | D:8      | 6790 ||| RETREEEEATING.
  6791 | D:8      | 6791 ||| RETREEEEATING.
  6792 | D:8      | 6792 ||| RETREEEEATING.
  6793 | D:8      | 6793 ||| RETREEEEATING.
  6794 | D:8      | 6794 ||| RETREEEEATING.
  6795 | D:8      | 6795 ||| RETREEEEATING.
  6796 | D:8      | 6796 ||| RETREEEEATING.
  6797 | D:8      | 6797 ||| RETREEEEATING.
  6798 | D:8      | 6798 ||| RETREEEEATING.
  6802 | D:8      | 6802 ||| RETREEEEATING.
  6804 | D:8      | 6804 ||| RETREEEEATING.
  6805 | D:8      | 6805 ||| RETREEEEATING.
  6806 | D:8      | 6806 ||| RETREEEEATING.
  6807 | D:8      | 6807 ||| INVOKING Finesse.
  6808 | D:8      | 6808 ||| ZAPPING wand of acid (3) at -2,3 (sun demon;
                  | floor).
  6809 | D:8      | 6809 ||| ZAPPING wand of acid (2) at -1,2 (sun demon;
                  | floor).
  6810 | D:8      | 6810 ||| INVOKING Heroism.
  6821 | D:8      | 6821 ||| FLEEEEING.
  6822 | D:8      | 6822 ||| FLEEEEING.
  6823 | D:8      | 6823 ||| FLEEEEING.
  6824 | D:8      | 6824 ||| FLEEEEING.
  6825 | D:8      | Noticed a soul eater
  6825 | D:8      | 6825 ||| FLEEEEING.
  6826 | D:8      | 6826 ||| FLEEEEING.
  6827 | D:8      | 6827 ||| FLEEEEING.
  6836 | D:8      | 6836 ||| RETREEEEATING.
  6837 | D:8      | 6837 ||| RETREEEEATING.
  6838 | D:8      | 6838 ||| RETREEEEATING.
  6839 | D:8      | 6839 ||| RETREEEEATING.
  6840 | D:8      | 6840 ||| RETREEEEATING.
  6840 | D:8      | HP: 9/48 [soul eater[a kobold demonologist] (9)]
  6841 | D:8      | 6841 ||| READING 2 scrolls of teleportation.
  6842 | D:8      | 6842 ||| DRINKING potion of heal wounds.
  6843 | D:8      | 6843 ||| RETREEEEATING.
  6844 | D:8      | 6844 ||| RETREEEEATING.
  6845 | D:8      | 6845 ||| RETREEEEATING.
  6846 | D:8      | 6846 ||| RETREEEEATING.
  6851 | D:8      | 6851 ||| RETREEEEATING.
  6852 | D:8      | 6852 ||| RETREEEEATING.
  7059 | D:8      | Found an ancient bone altar of Kikubaaqudgha.
  7245 | D:8      | Reached skill level 12 in Dodging
  7361 | D:8      | 7361 ||| SWAPPING to +0 orcbow.
  7362 | D:8      | 7362 ||| DROPPING +0 shortbow of freezing.
  7478 | D:8      | HP: 10/49 [acid dragon/splash of acid (20)]
  7479 | D:8      | 7479 ||| READING scroll of teleportation.
  7709 | D:8      | 7709 ||| UPGRADING to +0 swamp dragon scales.
  7719 | D:8      | 7719 ||| REMOVING ring of poison resistance.
  7720 | D:8      | 7720 ||| DROPPING +1 robe of willpower.
  7721 | D:8      | 7721 ||| READING 2 scrolls of enchant armour.
  7721 | D:8      | 7721 ||| ENCHANTING +0 swamp dragon scales.
  7722 | D:8      | 7722 ||| READING scroll of enchant armour.
  7722 | D:8      | 7722 ||| ENCHANTING +1 swamp dragon scales.
  7723 | D:8      | 7723 ||| READING scroll of identify.
  7723 | D:8      | 7723 ||| IDENTIFYING bubbling ruby potion
  7724 | D:8      | 7724 ||| READING scroll labelled ZOCSOU CEXZEE.
  7825 | D:8      | 7825 ||| DRINKING 2 clear potions.
  7826 | D:8      | 7826 ||| DROPPING potion of lignification.
  7855 | D:9      | Noticed an elephant
  7856 | D:9      | 7856 ||| INVOKING Finesse.
  7878 | D:9      | Killed an elephant
  7879 | D:9      | Reached skill level 1 in Armour
  7887 | D:9      | 7887 ||| INVOKING Heroism.
  8210 | D:9      | 8210 ||| RETREEEEATING.
  8233 | D:9      | 8233 ||| INVOKING Finesse.
  8249 | D:9      | 8249 ||| INVOKING Heroism.
  8335 | D:9      | Found a staircase to the Lair.
  8335 | D:9      | Noticed an elephant
  8336 | D:9      | 8336 ||| INVOKING Heroism.
  8349 | D:9      | Killed an elephant
  8350 | D:9      | Reached skill level 12 in Ranged Weapons
  9309 | D:9      | 9309 ||| PLANNING LAIR
  9309 | D:9      | 9309 ||| READING scroll of identify.
  9309 | D:9      | 9309 ||| IDENTIFYING scroll labelled IHUCZU NAZ AMA
  9310 | D:9      | 9310 ||| DROPPING scroll of fog.
  9386 | Lair:1   | Entered Level 1 of the Lair of Beasts
  9386 | Lair:1   | Noticed Amaemon
  9386 | Lair:1   | Noticed an orange demon
  9387 | Lair:1   | 9387 ||| STAIRDANCE
  9389 | D:9      | 9389 ||| INVOKING Finesse.
  9409 | D:9      | Killed Amaemon
  9410 | D:9      | Reached XP level 11. HP: 21/55 MP: 14/16
  9533 | Lair:1   | 9533 ||| STAIRDANCE
  9553 | D:9      | HP: 11/55 [yak (7)]
  9554 | D:9      | 9554 ||| READING scroll of teleportation.
  9557 | D:9      | HP: 1/55 [yak (11)]
  9774 | D:9      | Reached skill level 6 in Invocations
  9778 | D:9      | Reached ***** piety under Okawaru
  9788 | Lair:1   | 9788 ||| STAIRDANCE
  9937 | Lair:1   | Received a gift from Okawaru
 10163 | Lair:1   | 10163 ||| RETREEEEATING.
 10164 | Lair:1   | 10164 ||| RETREEEEATING.
 10167 | Lair:1   | 10167 ||| DRINKING potion of cancellation.
 10177 | Lair:1   | 10177 ||| RETREEEEATING.
 10178 | Lair:1   | 10178 ||| RETREEEEATING.
 10179 | Lair:1   | 10179 ||| RETREEEEATING.
 10180 | Lair:1   | 10180 ||| RETREEEEATING.
 10181 | Lair:1   | 10181 ||| RETREEEEATING.
 10212 | Lair:1   | 10212 ||| INVOKING Finesse.
 10219 | Lair:1   | Reached skill level 13 in Ranged Weapons
 10335 | Lair:1   | 10335 ||| RETREEEEATING.
 10336 | Lair:1   | 10336 ||| RETREEEEATING.
 10410 | Lair:1   | Noticed a boulder beetle
 10411 | Lair:1   | 10411 ||| INVOKING Finesse.
 10435 | Lair:1   | Killed a boulder beetle
 10435 | Lair:1   | Received a gift from Okawaru
 11062 | Lair:1   | 11062 ||| UPGRADING to +0 cloak.
 11067 | Lair:1   | 11067 ||| READING scroll of identify.
 11067 | Lair:1   | 11067 ||| IDENTIFYING glowing golden potion
 11068 | Lair:1   | 11068 ||| DROPPING potion of brilliance.
 11143 | Lair:2   | 11143 ||| Stepping ~*~*~tactically~*~*~ (cloud).
 11147 | Lair:2   | 11147 ||| Stepping ~*~*~tactically~*~*~ (cloud).
 11665 | Lair:2   | Noticed a boulder beetle
 11666 | Lair:2   | 11666 ||| INVOKING Finesse.
 11687 | Lair:2   | HP: 13/55 [boulder beetle (14)]
 11688 | Lair:2   | 11688 ||| DRINKING potion of heal wounds.
 11696 | Lair:2   | Killed a boulder beetle
 11697 | Lair:2   | Reached skill level 9 in Invocations
 11770 | Lair:2   | 11770 ||| READING scroll of enchant armour.
 11770 | Lair:2   | 11770 ||| ENCHANTING +2 swamp dragon scales.
 11790 | Lair:2   | Noticed a six-headed hydra
 11790 | Lair:2   | Noticed a five-headed hydra
 11791 | Lair:2   | 11791 ||| INVOKING Finesse.
 11802 | Lair:2   | Killed a six-headed hydra
 11803 | Lair:2   | Reached skill level 14 in Ranged Weapons
 11803 | Lair:2   | Reached XP level 12. HP: 15/60 MP: 16/19
 11803 | Lair:2   | 11803 ||| READING scroll of teleportation.
 11804 | Lair:2   | HP: 13/60 [five-headed hydra (3)]
 11808 | Lair:2   | HP: 2/60 [five-headed hydra (11)]
 11808 | Lair:2   | Mangled by a five-headed hydra

Levels and vault maps discovered:
D:1:      dpeg_arrival_tiny_i, layout_rooms, minivault_19, serial_park_tiny_1
D:2:      kennysheep_six_static_rooms, layout_loops_corners, chequers_garden,
          uniq_sigmund
D:3:      layout_loops_ring, serial_shops, nicolae_shop_tiny_glass,
          st_stairs_14, uniq_robin, uniq_crazy_yiuf_cottage
D:4:      layout_gridville, minmay_temple_entry_slanted, uniq_pikel,
          uniq_duvessa
D:5:      nicolae_BIG_FREAKIN_CUBE, layout_loops_ring, serial_bayou,
          serial_bayou_shore_b, serial_bayou_shore_b, serial_bayou_pond_d,
          serial_bayou_lagoon_a
D:6:      layout_basic, serial_shops, shop, uniq_blork_the_orc, uniq_menkaure
D:7:      layout_rooms, lemuel_round_altar, grunt_decor_one_mirror
D:8:      wander_kiku_kobolds, layout_basic, uniq_maggie
D:9:      layout_grid_maze, grunt_lair_entry_orc_guard_hut, minmay_three_doors
Temple:   mainiacjoe_temple_starburst
Lair:1:   layout_small_grid, uniq_amaemon
Lair:2:   layout_roguey, elwin_shoals_entry_stream, grunt_megastairs_3

Skill      XL: |  1  2  3  4  5  6  7  8  9 10 11 |
---------------+----------------------------------+-----
Dodging        | 3 4 7 8 11 12 | 12.0
Ranged Weapons | 5 6 8 9 10 12 14 | 14.0
Fighting       | 2 3 4 5 |  5.0
Invocations    | 3 4 5 9 |  9.2
Armour         | 1 2 |  2.0
Stealth        | |  1.5

Action                     |  1- 3 |  4- 6 |  7- 9 | 10-12 || total
---------------------------+-------+-------+-------+-------++-------
   Fire: Shortbow          |   112 |   110 |   487 |   193 ||   902
         Orcbow            |       |       |       |   561 ||   561
 Invoke: Heroism           |       |       |     4 |     4 ||     8
         Finesse           |       |       |       |     8 ||     8
  Evoke: Wand              |       |     5 |     6 |     2 ||    13
    Use: Scroll            |     4 |     5 |     9 |    11 ||    29
         Potion            |     1 |     3 |     2 |     4 ||    10
 Armour: Robe              |    13 |    13 |    58 |    33 ||   117
         Swamp dragon scal |       |       |       |   149 ||   149
  Dodge: Dodged            |    52 |    51 |   276 |   492 ||   871

Table legend:
 A = Non-vault XP
 B = Vault XP
 C = Vault XP percentage of total XP
 D = Non-vault monster count
 E = Vault monster count
 F = Vault count percentage of total count
                 A         B        C        D         E       F
            +---------+---------+-------+---------+---------+-------
      Total |   16301 |    6118 |  27.3 |     199 |      86 |  30.2
            +---------+---------+-------+---------+---------+-------
        D:1 |      30 |       0 |   0.0 |      22 |       0 |   0.0
        D:2 |      58 |     266 |  82.1 |      13 |       7 |  35.0
        D:3 |      21 |      33 |  61.1 |      12 |      10 |  45.5
        D:4 |     406 |     909 |  69.1 |      19 |       3 |  13.6
        D:5 |    1237 |       0 |   0.0 |      22 |       0 |   0.0
        D:6 |    1051 |     261 |  19.9 |      31 |       2 |   6.1
        D:7 |     635 |       0 |   0.0 |      14 |       0 |   0.0
        D:8 |     727 |    1341 |  64.8 |      12 |      53 |  81.5
        D:9 |    2376 |    2916 |  55.1 |      23 |      10 |  30.3
     Lair:1 |    6200 |     392 |   5.9 |      22 |       1 |   4.3
     Lair:2 |    3560 |       0 |   0.0 |       9 |       0 |   0.0
            +---------+---------+-------+---------+---------+-------
